 Dungeon Crawl Stone Soup version 0.21.1-1-g345015f (webtiles) character file.

170 nicolaieve the Chopper (level 5, -2/46 HPs)
             Began as a Minotaur Berserker on June 13, 2018.
             Was a Priest of Trog.
             Slain by a gnoll
             ... wielding a +0 flail
              (7 damage)
             ... on level 3 of the Dungeon.
             The game lasted 00:09:52 (2195 turns).

nicolaieve the Chopper (Minotaur Berserker)         Turns: 2195, Time: 00:09:53

Health: -2/46      AC: 11    Str: 22    XL:     5   Next: 26%
Magic:  4/4        EV:  8    Int:  4    God:    Trog [***...]
Gold:   116        SH:  0    Dex: 10    Spells: 4/4 levels left

rFire    . . .     SeeInvis .   a - +0 hand axe
rCold    . . .     Gourm    .   (no shield)
rNeg     . . .     Faith    .   j - +0 chain mail
rPois    .         Spirit   .   (helmet restricted)
rElec    .         Reflect  .   (no cloak)
rCorr    .         Harm     .   d - +2 pair of gloves
MR       ++...                  (no boots)
Stlth    ..........             (no amulet)
HPRegen  1.15/turn              (no ring)
MPRegen  0.09/turn              (no ring)

@: berserk cooldown, regenerating, slowed, very slow
A: retaliatory headbutt, horns 2
a: Berserk, Trog's Hand, Burn Spellbooks, Renounce Religion


You were on level 3 of the Dungeon.
You worshipped Trog.
Trog was most pleased with you.
You were near starving.

You visited 1 branch of the dungeon, and saw 3 of its levels.

You collected 116 gold pieces.

Inventory:

Hand Weapons
 a - a +0 hand axe (weapon)
Missiles
 h - 97 stones (quivered)
Armour
 b - a +0 animal skin
 d - a +2 pair of gloves (worn)
 j - a +0 chain mail (worn)
Wands
 q - a wand of acid (9)
Scrolls
 f - 2 scrolls of remove curse {unknown}
 g - a scroll of fear {unknown}
 i - 2 scrolls of fog {unknown}
 n - 5 scrolls of identify {unknown}
 o - a scroll of teleportation {unknown}
 p - a scroll of immolation {unknown}
Potions
 e - 2 potions of degeneration {unknown}
 k - a potion of agility {unknown}
 l - 2 potions of curing {unknown}
 m - a potion of ambrosia {unknown}
 s - a potion of lignification {unknown}
Comestibles
 c - 6 rations
 r - 13 chunks of flesh


   Skills:
 - Level 3.6 Fighting
 + Level 7.2 Axes
 - Level 2.4 Armour
 - Level 2.2 Dodging


You had 4 spell levels left.
You didn't know any spells.

Dungeon Overview and Level Annotations

Branches:
Dungeon (3/15)

Altars:
Gozag


Innate Abilities, Weirdness & Mutations

You reflexively headbutt those who attack you in melee.
You have a pair of horns on your head.


Message History

The gnoll hits you from afar with a spear.
* * * LOW HITPOINT WARNING * * *
You see here a poisoned needle.
Unknown command.
Things that are here:
a poisoned needle; a flail; a leather armour The gnoll hits you from afar with a spear.
* * * LOW HITPOINT WARNING * * *
Unknown command.
The gnoll barely misses you.
Your skin crawls.
You feel resistant to hostile enchantments.
You are near starving!
The goblin completely misses you. The gnoll hits you but does no damage.
You're still recovering from your berserk rage.
You closely miss the gnoll. You hit the goblin.
You kill the goblin!
Trog accepts your kill. The gnoll hits you but does no damage.
The gnoll hits you with a flail!
You die...

######### ##.......###
#.......# #...........
#.......# #...........
#.......# #...........
#####.......#
#...........
##...........#
#........[..
###..###.......#
#........... ##...##
#.......# #...........
#..###
#......@#####.........##
#.##
#......g).............#
##.#
########)g()..........#
#..# ###..#()##.......##
..## ##...#.(#........##
.## #..#...(...#######
## #....).###.# #
#.###..###.# $ .# ..
....##.g# $_


You could see 2 gnolls.

Vanquished Creatures
  5 gnolls
  3 adders
  An ooze (D:2)
  2 worms (D:2)
  A dart slug (D:1)
  3 leopard geckos
  5 orcs
  15 bats
  2 giant cockroaches (D:2)
  7 goblins
  10 hobgoblins
  A quokka (D:2)
  3 ball pythons
  2 frilled lizards (D:1)
  9 kobolds
  5 rats
74 creatures vanquished.

Vanquished Creatures (others)
  A plant (D:2)
1 creature vanquished.

Grand Total: 75 creatures vanquished

Notes
Turn   | Place    | Note
-------+----------+-------------------------------------------
     0 | D:1      | nicolaieve the Minotaur Berserker began the quest for the Orb.
     0 | D:1      | Reached XP level 1. HP: 19/19 MP: 0/0
    72 | D:1      | Reached skill level 4 in Axes
   199 | D:1      | Reached XP level 2. HP: 25/27 MP: 1/1
   469 | D:1      | Reached skill level 5 in Axes
   509 | D:1      | Reached XP level 3. HP: 30/33 MP: 2/2
   772 | D:1      | Reached ** piety under Trog
  1196 | D:2      | Reached XP level 4. HP: 37/40 MP: 3/3
  1205 | D:2      | Reached skill level 6 in Axes
  2058 | D:3      | Reached XP level 5. HP: 42/46 MP: 4/4
  2069 | D:3      | Reached skill level 7 in Axes
  2073 | D:3      | Reached *** piety under Trog
  2158 | D:3      | Found an opulent altar of Gozag.
  2174 | D:3      | HP: 1/46 [gnoll/club (3)]
  2180 | D:3      | HP: 1/46 [kobold/whip (1)]
  2189 | D:3      | HP: 2/46 [gnoll/spear (1)]
  2195 | D:3      | Slain by a gnoll

Skill      XL: |  1  2  3  4  5 |
---------------+----------------+-----
Axes           | 4 5 6 7 |  7.2
Fighting       | |  3.6
Armour         | |  2.4
Dodging        | |  2.2

Action                   |  1- 3 |  4- 6 || total
-------------------------+-------+-------++-------
Melee: Hand axe          |   118 |    67 ||   185
       Headbutt          |    15 |    12 ||    27
Invok: Berserk           |       |     2 ||     2
       Trog's Hand       |       |     1 ||     1
 Stab: Sleeping          |     1 |       ||     1
  Eat: Chunk             |     1 |     4 ||     5
Armor: Animal skin       |    34 |       ||    34
       Chain mail        |    59 |    34 ||    93
Dodge: Dodged            |    92 |    26 ||   118
